 Dungeon Crawl Stone Soup version 0.29.0-15-g675c0067aa (webtiles) character file.

Game seed: 16565392909453133273

10 qw the Sneak (level 2, -1/19 HPs)
             Began as a Gargoyle Delver on Sept 11, 2022.
             Slain by Sigmund
             ... wielding a +0 scythe
              (6 damage)
             ... on level 2 of the Dungeon.
             The game lasted 00:00:10 (578 turns).

qw the Sneak (Gargoyle Delver)                       Turns: 578, Time: 00:00:10

Health: -1/19      AC:  8    Str: 15    XL:     2   Next: 20%
Magic:  2/2        EV:  9    Int: 10    God:
Gold:   13         SH:  0    Dex: 11    Spells: 1/1 levels left

rFire   . . .      SeeInvis .   Y - +0 hand axe
rCold   . . .      Faith    .   (no shield)
rNeg    + . .      Spirit   .   i - +0 scale mail
rPois   inf        Reflect  .   (no helmet)
rElec   +          Harm     .   (no cloak)
rCorr   .          Rampage  .   (no gloves)
Will    .....                   (no boots)
Stlth   +.........              (no amulet)
HPRegen 0.06/turn               (no ring)
MPRegen 0.08/turn               (no ring)

@: no status effects
A: sickness immunity, AC +2, negative energy resistance 1, electricity
resistance, torment resistance 1, petrification resistance
a: no special abilities


You were on level 2 of the Dungeon.
You visited 1 branch of the dungeon, and saw 4 of its levels.

You collected 13 gold pieces.


Innate Abilities, Weirdness & Mutations

You are immune to sickness and miasma.
Your stone body is resilient. (AC +2)
You are immune to poison.
You resist negative energy. (rN+)
You are resistant to electric shocks. (rElec)
You are resistant to unholy torment.
You are immune to petrification.


   Skills:
 - Level 3.2 Fighting
 + Level 2.5 Axes
 - Level 1.5 Dodging
 - Level 5.4 Stealth


You had one spell level left.
You didn't know any spells.
Your spell library was empty.

Inventory:

Hand Weapons
 d - a +0 club
 Y - a +0 hand axe (weapon)
Armour
 i - a +0 scale mail (worn)
Wands
 g - a wand of digging (3)
Potions
 c - a potion of lignification {unknown}
 e - a potion of might {unknown}
 f - a potion of haste

Dungeon Overview and Level Annotations

Branches:
Dungeon (5/15)
 Temple: D:4-7

Altars:
Fedhas

Shops:
D:3 [

Annotations:
D:2 Sigmund


Message History

There is a stone staircase leading up here.
564 ||| STAIRDANCE You climb upwards.
The goblin shouts!
There is a stone staircase leading down here.
Existing waypoints: (1) D:4 (2) D:3 Assign waypoint to what number? (0-9, D - delete waypoint) Waypoint 1 re-assigned from D:4 to D:2.
Sigmund shouts!
You hit the goblin.
The goblin is moderately wounded.
The goblin hits you but does no damage.
Sigmund points at you and mumbles some strange words.
You resist with significant effort.
You hit the goblin.
The goblin is severely wounded.
The goblin barely misses you.
Sigmund casts a spell.
Sigmund flickers and vanishes!
Deactivating autopickup; reactivate with Ctrl-A.
You hit the goblin.
You kill the goblin!
Something hits you.
You swing at nothing.
Something hits you!
You swing at nothing.
You swing at nothing.
Something hits you but does no damage.
You swing at nothing.
You hear some strange, mumbled words.
A puff of flame appears from out of thin air!
The puff of flame misses you.
You swing at nothing.
Something hits you.
You swing at nothing.
Something hits you but does no damage.
You swing at nothing.
Something hits you.
You die...

##+##
##.>.##
##.....##
##.......##
#......@..#
+.....)...+
#.....{...#
##.......##
##.....##
##...##
##+#


There were no monsters in sight!

Vanquished Creatures
  A worm (D:4)
  An orc (D:4)
  A kobold (D:4)
  2 ball pythons (D:4)
  A goblin (D:2)
  A rat (D:3)
7 creatures vanquished.

Notes
Turn   | Place    | Note
-------+----------+-------------------------------------------
     0 | D:5      | qw the Gargoyle Delver began the quest for the Orb.
     0 | D:5      | Reached XP level 1. HP: 14/14 MP: 1/1
     0 | D:5      | 0 ||| qw: Version: 0.1-a-117-gfe26ee0
     0 | D:5      | 0 ||| qw: Game counter: 9902
     0 | D:5      | 0 ||| qw: Always use a shield: true
     0 | D:5      | 0 ||| qw: God list: Okawaru
     0 | D:5      | 0 ||| qw: Allow faded altars: false
     0 | D:5      | 0 ||| qw: Do Orc after D:15 true
     0 | D:5      | 0 ||| qw: Do second Lair branch before Depths: true
     0 | D:5      | 0 ||| qw: Lair rune preference: random
     0 | D:5      | 0 ||| qw: Plans: Normal
     0 | D:5      | 0 ||| PLANNING D:1-11
     0 | D:5      | 0 ||| DROPPING scroll of fog.
     1 | D:5      | 1 ||| DROPPING scroll of magic mapping.
     2 | D:5      | 2 ||| DROPPING scroll of fear.
   260 | D:4      | Reached XP level 2. HP: 14/19 MP: 2/2
   519 | D:3      | Found a blossoming altar of Fedhas.
   541 | D:3      | Found Xemor's Antique Armour Shoppe.
   543 | D:3      | 543 ||| UPGRADING to +0 scale mail.
   555 | D:3      | 555 ||| DROPPING +0 leather armour.
   556 | D:3      | 556 ||| READING scroll labelled UFIAMO BANN.
   563 | D:3      | 563 ||| FLEEEEING.
   564 | D:3      | 564 ||| STAIRDANCE
   565 | D:2      | Noticed Sigmund
   578 | D:2      | Slain by Sigmund

Levels and vault maps discovered:
D:2:      layout_loops_corners, chequers_ecumenical_altar_simple_redux,
          bh_walls_and_bars, uniq_jessica, uniq_sigmund, uniq_robin,
          uniq_natasha
D:3:      layout_loops_ring, lemuel_round_altar, serial_shops,
          nicolae_shop_competitors_out_of_business, nicolae_square_shop, shop,
          nicolae_shop_hallway_stairs, serial_bayou_crossing,
          uniq_crazy_yiuf_cottage
D:4:      layout_basic, grunt_gozag_statues, nicolae_ru_path_of_blood,
          minmay_temple_entry_overgrown
D:5:      layout_layer_cave, nicolae_ashenzari_skybound,
          lemuel_coloured_pillars_altar

Skill      XL: |  1 |
---------------+----+-----
Axes           | 2 |  2.5
Fighting       | |  3.2
Dodging        | |  1.5
Stealth        | |  5.4

Action                   || total
-------------------------++-------
Melee: Hand axe          ||    33
  Use: Scroll            ||     1
Armor: Leather armour    ||     7
       Scale mail        ||     3
Dodge: Dodged            ||    18

Table legend:
 A = Non-vault XP
 B = Vault XP
 C = Vault XP percentage of total XP
 D = Non-vault monster count
 E = Vault monster count
 F = Vault count percentage of total count
                 A         B        C        D         E       F
            +---------+---------+-------+---------+---------+-------
      Total |      15 |       0 |   0.0 |       7 |       0 |   0.0
            +---------+---------+-------+---------+---------+-------
        D:2 |       1 |       0 |   0.0 |       1 |       0 |   0.0
        D:3 |       1 |       0 |   0.0 |       1 |       0 |   0.0
        D:4 |      13 |       0 |   0.0 |       5 |       0 |   0.0
            +---------+---------+-------+---------+---------+-------
